 Dungeon Crawl Stone Soup version 0.26.1-2-gb8aa6d0cf2 (webtiles) character file.

Game seed: 8958092022570204511

10462 teolandon225 the Basher (level 11, -8/72 HPs)
             Began as a Gargoyle Gladiator on Feb 26, 2021.
             Was an Initiate of Gozag.
             Mangled by a white ugly thing (27 damage)
             ... on level 11 of the Dungeon.
             The game lasted 00:36:51 (17741 turns).

teolandon225 the Basher (Gargoyle Gladiator)       Turns: 17741, Time: 00:36:52

Health: -8/72      AC: 21    Str: 21    XL:     11   Next: 62%
Magic:  11/11      EV: 13    Int:  6    God:    Gozag
Gold:   144        SH:  0    Dex: 11    Spells: 10/10 levels left

rFire    + . .     SeeInvis .   a - +1 flail
rCold    x . .     Faith    .   (no shield)
rNeg     + . .     Spirit   .   s - +0 scale mail
rPois    ∞         Reflect  .   c - +1 helmet
rElec    +         Harm     .   C - +1 cloak {Stlth+}
rCorr    .         Rampage  .   Q - +1 pair of gloves
Will     ++...     Rnd*Rage +   p - +0 pair of boots
Stlth    +.........             l - necklace of Bloodlust {*Rage +Rage Will++ Int-3 Slay+6 *Curse} (curse)
HPRegen  0.22/turn              v - ring of stealth
MPRegen  0.12/turn              t - ring of fire

@: hasted, very quick
A: negative energy resistance 1, electricity resistance, unbreathing,
petrification resistance, miasma immunity, AC +8
a: Renounce Religion, Evoke Berserk Rage, Potion Petition, Call Merchant, Bribe
Branch


You were on level 11 of the Dungeon.
You worshipped Gozag.
Gozag was aware of your devotion.
You visited 2 branches of the dungeon, and saw 12 of its levels.
You also visited: Sewer.

You collected 1816 gold pieces.
You spent 817 gold pieces at shops.
You paid 855 gold pieces to Gozag.

Inventory:

Hand Weapons
 a - a +1 flail (weapon)
 y - a +0 halberd of freezing
 F - the +1 hand axe "Ryju" {vorpal, Will+ Dex+9}
   (You found it on level 7 of the Dungeon)

   It inflicts extra damage upon your enemies.
   It affects your dexterity (+9).
   It affects your willpower, your defense against some magical effects.
Missiles
 d - 3 throwing nets (quivered)
Armour
 c - a +1 helmet (worn)
 k - a +0 kite shield
 p - a +0 pair of boots (worn)
 s - a +0 scale mail (worn)
 C - a +1 cloak of stealth (worn)
 M - a +0 plate armour
 Q - a +1 pair of gloves (worn)
Jewellery
 l - the cursed necklace of Bloodlust (around neck) {*Rage +Rage Will++ Int-3 Slay+6 *Curse}
   (You bought it in a shop on level 10 of the Dungeon)

   [amulet of nothing]

   It affects your intelligence (-3).
   It affects your accuracy and damage with ranged weapons and melee attacks
   (+6).
   It affects your willpower, your defense against some magical effects.
   It lets you go berserk.
   It may make you go berserk in combat.
   It curses itself when equipped.
   It has a curse placed upon it.
 t - a ring of fire (right hand)
 v - a ring of stealth (left hand)
 z - a cursed ring of fire
 D - an uncursed amulet of regeneration
 H - an uncursed amulet of magic regeneration
Wands
 b - a wand of enslavement (9)
 r - a wand of digging (7)
 u - a wand of acid (14)
 x - a wand of paralysis (6)
 E - a wand of flame (23)
 G - a wand of iceblast (4)
 I - a wand of disintegration (15)
 J - a wand of polymorph (10)
 N - a wand of random effects (21)
Scrolls
 j - 3 scrolls of remove curse
 q - a scroll of enchant weapon
Potions
 e - 2 potions of attraction
 f - 2 potions of haste
 g - a potion of might {unknown}
 h - 2 potions of curing
 i - 3 potions of cancellation {unknown}
 m - 4 potions of flight
 n - 4 potions of ambrosia
 o - 4 potions of lignification
 w - a potion of mutation {unknown}
 A - a potion of degeneration {unknown}
 B - a potion of invisibility {unknown}
 K - a potion of brilliance {unknown}
 O - a potion of magic {unknown}


   Skills:
 + Level 9.9 Fighting
 * Level 12.5 Maces & Flails
 - Level 1.7 Throwing
 * Level 1.9 Armour
 - Level 6.9 Dodging
 - Level 5.8 Shields


You had 10 spell levels left.
You didn't know any spells.
Your spell library was empty.

Dungeon Overview and Level Annotations

Branches:
Dungeon (11/15)            Temple (1/1) D:5            Lair (0/6) D:10
    Orc (0/2) D:10          Sewer (visited)

Altars:
Ashenzari
Cheibriados
Dithmenos
Elyvilon
Fedhas
Gozag
Hepliaklqana
Kikubaaqudgha
Makhleb
Nemelex Xobeh
Okawaru
Qazlal
Ru
Sif Muna
Trog
Uskayaw
Vehumet
Wu Jian
Xom
Yredelemnul
Zin
The Shining One
Jiyva

Shops:
D:7 (   D:8 [   D:10 =

Portals:
Trove: D:10 (show abyssal rune of Zot)

Annotations:
D:9 exclusion: oklob plant


Innate Abilities, Weirdness & Mutations

You are resistant to torment.
Your stone body is resilient. (AC +8)
You are immune to poison.
You resist negative energy. (rN+)
You are resistant to electric shocks. (rElec)
You can survive without breathing.
You are immune to petrification.
You are immune to miasma.


Message History

You kill the purple ugly thing!
You now have 144 gold pieces (gained 5).
You start resting.
HP restored.
You start waiting.
Done waiting.
There is a stone staircase leading down, spattered with blood here.
You climb downwards.
The white ugly thing engulfs you but does no damage.
The white ugly thing engulfs you! The white ugly thing freezes you!!!
You feel a terrible chill!
Ouch! That really hurt!
* * * LOW HITPOINT WARNING * * *
There is a stone staircase leading up here.
Okay, then.
You feel yourself speed up. The white ugly thing engulfs you.
* * * LOW HITPOINT WARNING * * *
The white ugly thing freezes you!!
You feel a terrible chill!
You die...
Your body crumbles into a pile of gold.

#.......#
#.......#
+.......#
###.......##
...........
..........
.........#
.......u@#
..?......#
###+##...#
#...# #...#
#...# #....
.....
.......


You could see a white ugly thing.

Vanquished Creatures
  Josephine (D:9)
  Erica (D:8)
  Nergalle (D:9)
  Pikel (D:5)
  An ugly thing (D:10)
  An elephant (D:10)
  Joseph (D:7)
  Maggie (D:8)
  A troll (D:10)
  A hornet (D:10)
  A wyvern (D:10)
  3 wraiths
  Eustachio (D:3)
  2 basilisks (D:10)
  4 fire bats (D:9)
  A water moccasin (D:7)
  An acid dragon (D:9)
  A hell hound (D:9)
  2 sky beasts
  4 orc warriors
  An ice beast (D:9)
  4 phantoms
  2 black bears
  2 ogres
  2 necrophages
  2 centaurs
  A big kobold (D:7)
  3 bullfrogs
  A water moccasin zombie (D:5)
  5 scorpions
  A water moccasin skeleton (D:8)
  3 killer bees
  7 wights
  7 howler monkeys
  2 lava snakes (D:9)
  2 bullfrog zombies
  3 hounds
  A jelly (D:8)
  6 orc priests
  A bullfrog skeleton (D:8)
  9 orc wizards
  3 iguanas
  7 worker ants
  A killer bee zombie (D:7)
  11 gnolls
  11 adders
  3 river rats (D:5)
  A shadow imp (D:10)
  3 white imps
  An ufetubus (D:7)
  An ooze (D:1)
  An adder zombie (D:5)
  5 worms
  2 dart slugs
  6 leopard geckos
  30 orcs
  5 ball pythons
  14 bats
  3 giant cockroaches
  5 goblins
  2 hobgoblins
  11 jackals
  6 quokkas
  6 frilled lizards
  8 kobolds
  A leopard gecko skeleton (D:4)
  13 rats
  A fire vortex (D:9)
256 creatures vanquished.

Vanquished Creatures (others)
  2 fire vortices (D:9)
  A fungus (D:10)
3 creatures vanquished.

Grand Total: 259 creatures vanquished

Notes
Turn   | Place    | Note
-------+----------+-------------------------------------------
     0 | D:1      | teolandon225 the Gargoyle Gladiator began the quest for the
                  | Orb.
     0 | D:1      | Reached XP level 1. HP: 12/12 MP: 1/1
   156 | D:1      | Reached XP level 2. HP: 14/18 MP: 2/2
  1009 | D:2      | Reached XP level 3. HP: 22/22 MP: 3/3
  1032 | D:2      | Found a sparkling altar of Nemelex Xobeh.
  1434 | D:2      | Noticed a phantom
  2377 | D:2      | Found an ornate altar of the Wu Jian Council.
  2434 | D:2      | Found an iron altar of Okawaru.
  2455 | D:2      | Found a burning altar of Makhleb.
  2622 | D:3      | Reached skill level 4 in Maces & Flails
  2810 | D:3      | Reached XP level 4. HP: 27/27 MP: 4/4
  2817 | D:3      | Found a blossoming altar of Fedhas.
  2963 | D:3      | Found a white marble altar of Elyvilon.
  3360 | D:2      | Reached XP level 5. HP: 11/32 MP: 5/5
  4544 | D:3      | Reached skill level 5 in Maces & Flails
  4649 | D:4      | Reached XP level 6. HP: 38/38 MP: 6/6
  5217 | D:4      | Found a snail-covered altar of Cheibriados.
  5507 | D:5      | Entered Level 5 of the Dungeon
  5515 | D:5      | Found a bloodstained altar of Trog.
  5584 | D:5      | Reached XP level 7. HP: 35/44 MP: 7/7
  5741 | D:5      | Found a glowing drain.
  5770 | D:5      | Reached skill level 6 in Maces & Flails
  5790 | Sewer    | Entered a sewer
  6253 | D:5      | Found a sacrificial altar of Ru.
  6315 | D:5      | Found a staircase to the Ecumenical Temple.
  6344 | Temple   | Entered the Ecumenical Temple
  6538 | Temple   | Became a worshipper of Gozag Ym Sagoz the Greedy
  6588 | D:5      | Noticed Eustachio
  7823 | D:2      | Found a sparkling altar of Nemelex Xobeh.
  7944 | D:2      | Found an iron altar of Okawaru.
  7944 | D:2      | Found a burning altar of Makhleb.
  8024 | D:2      | Found an ornate altar of the Wu Jian Council.
  8210 | D:2      | Found an iron altar of Okawaru.
  8210 | D:2      | Found a burning altar of Makhleb.
  8573 | D:5      | Reached skill level 5 in Fighting
  8634 | D:5      | Reached XP level 8. HP: 46/49 MP: 8/8
  8739 | D:3      | Found a glowing silver altar of Zin.
  8816 | D:5      | Noticed Pikel
  8834 | D:5      | Killed Pikel
  8835 | D:5      | Reached skill level 7 in Maces & Flails
  8837 | D:5      | You fall into a shaft and drop 1 floor!
  8921 | D:6      | Reached skill level 8 in Maces & Flails
  9163 | D:6      | Found a shimmering blue altar of Sif Muna.
  9257 | D:6      | Reached skill level 5 in Dodging
  9692 | D:7      | Noticed Joseph
  9711 | D:7      | Killed Joseph
  9712 | D:7      | Reached XP level 9. HP: 27/56 MP: 9/9
 10123 | D:6      | Reached skill level 9 in Maces & Flails
 10331 | D:7      | Got a pitted hand axe
 10403 | D:7      | Found Jiem's Antique Weapon Emporium.
 10996 | D:7      | You fall into a shaft and drop 1 floor!
 11059 | D:8      | Identified the +1 hand axe "Ryju" {vorpal, Will+ Dex+9}
                  | (You found it on level 7 of the Dungeon)
 11086 | D:8      | Found an ancient bone altar of Kikubaaqudgha.
 11147 | D:8      | Noticed Erica
 11219 | D:8      | Found Ugix's Armour Boutique.
 11314 | D:8      | Noticed Maggie
 11577 | D:4      | Found a snail-covered altar of Cheibriados.
 11911 | D:3      | Killed Eustachio
 12475 | D:8      | Killed Maggie
 12476 | D:8      | Reached skill level 10 in Maces & Flails
 12726 | D:8      | Reached XP level 10. HP: 64/64 MP: 10/10
 13010 | D:8      | Killed Erica
 13888 | D:8      | Bought a +1 cloak of stealth for 214 gold pieces
 14086 | D:8      | Found a snail-covered altar of Cheibriados.
 14310 | D:9      | Reached skill level 11 in Maces & Flails
 15272 | D:9      | Reached skill level 1 in Shields
 15561 | D:9      | Found a blossoming altar of Fedhas.
 15563 | D:9      | Noticed an oklob plant
 15588 | D:10     | Entered Level 10 of the Dungeon
 15654 | D:10     | Noticed an elephant
 15655 | D:10     | Found a staircase to the Lair.
 15683 | D:10     | Reached XP level 11. HP: 70/71 MP: 11/11
 15692 | D:10     | Noticed Nergalle
 15695 | D:10     | Noticed a spectral orc warlord
 15723 | D:10     | Noticed a spectral orc warlord
 15787 | D:9      | Killed Nergalle
 15788 | D:9      | Reached skill level 12 in Maces & Flails
 16175 | D:10     | Found a portal to a secret trove of treasure.
 16349 | D:10     | Found a staircase to the Orcish Mines.
 16349 | D:10     | Noticed Josephine
 16415 | D:9      | Killed Josephine
 16416 | D:9      | Reached skill level 5 in Shields
 17378 | D:10     | Bought the cursed necklace of Bloodlust {*Rage +Rage Will++
                  | Int-3 Slay+6 *Curse} for 603 gold pieces
 17378 | D:10     | Found the cursed necklace of Bloodlust {*Rage +Rage Will++
                  | Int-3 Slay+6 *Curse}
 17407 | D:11     | Reached skill level 1 in Armour
 17442 | D:11     | Noticed a cyclops
 17474 | D:11     | Noticed a purple ugly thing
 17481 | D:11     | Noticed a white ugly thing
 17492 | D:10     | Killed a purple ugly thing
 17741 | D:11     | Mangled by a white ugly thing

Illustrated notes

Levels and vault maps discovered:
D:1:      minmay_arrival_hallway, layout_loops_cross, serial_forest,
          infiniplex_forest_straight_2, infiniplex_forest_clump_curved,
          infiniplex_forest_clump_curved, infiniplex_forest_clump_diagonal,
          infiniplex_forest_clump_double, infiniplex_forest_diagonal,
          infiniplex_forest_corner_1, st_stairs_3, hangedman_decor_points
D:2:      layout_loops_ring, grunt_temple_overflow_open,
          nemelex_xobeh_ov_fountains_minmay, lemuel_crystal_altar
D:3:      layout_rooms, fedhas_ov_isle_minmay, nicolae_overflow_hidden_temple,
          elyvilon_altar_1
D:4:      layout_gridville, lemuel_crystal_altar
D:5:      layout_basic, bloody_trog, hangedman_ru_absence,
          minmay_temple_entry_arrows, portal_sewer_entry_e, uniq_eustachio,
          uniq_pikel
D:6:      layout_basic, lemuel_blue_sif_altar
D:7:      layout_gridville, serial_shops, nicolae_shop_behind_doors,
          minmay_fractal_squares_gapless_5, uniq_joseph
D:8:      layout_cave_pools, marbit_many_paths, serial_shops, shop,
          chei_slow_surprise, uniq_maggie, uniq_erica
D:9:      layout_cave_pools, hangedman_tree_tricks, hangedman_incinerator
D:10:     layout_irregular_city, david_lair_generic, orc_0_dummy, enter_trove_6,
          uniq_nergalle, uniq_josephine
D:11:     layout_irregular_city
Temple:   pf_slime_end_temple

Skill      XL: |  1  2  3  4  5  6  7  8  9 10 11 |
---------------+----------------------------------+-----
Maces & Flails | 4 5 6 8 10 11 12 | 12.5
Fighting       | 3 4 5 6 7 9 |  9.9
Dodging        | 3 4 5 6 |  6.9
Shields        | 3 5 |  5.8
Armour         | 1 |  1.9
Throwing       | |  1.7

Action                   |  1- 3 |  4- 6 |  7- 9 | 10-12 || total
-------------------------+-------+-------+-------+-------++-------
Melee: Flail             |   164 |   181 |   537 |   566 ||  1448
       Unarmed           |       |       |       |    10 ||    10
Invok: Call Merchant     |       |       |       |     1 ||     1
 Abil: Evoke Berserk Rag |       |       |       |     1 ||     1
Evoke: Wand              |       |       |     1 |     1 ||     2
  Use: Potion            |       |     3 |     1 |     4 ||     8
       Scroll            |       |     4 |    19 |     7 ||    30
 Stab: Distracted        |       |       |     2 |     1 ||     3
Armor: Leather armour    |    14 |       |       |       ||    14
       Ring mail         |    55 |       |       |       ||    55
       Scale mail        |     5 |   151 |   369 |   425 ||   950
       Skin              |       |       |       |     2 ||     2
Dodge: Dodged            |   109 |   119 |   380 |   411 ||  1019
